 Dungeon Crawl Stone Soup version 0.27.1-33-g824d729ab1 (webtiles) character file.

Game seed: 16189558641941992141

21 Thatpatchoflichen the Ducker (level 2, 0/14 HPs)
             Began as a Felid Berserker on Dec 13, 2021.
             Was a Follower of Trog.
             Shot with a stone by a goblin (6 damage)
             ... on level 2 of the Dungeon.
             The game lasted 00:02:04 (1412 turns).

Thatpatchoflichen the Ducker (Felid Berserker)      Turns: 1412, Time: 00:02:05

Health: 0/14       AC:  1    Str: 13    XL:     2   Next: 62%
Magic:  3/3        EV: 18    Int:  8    God:    Trog [*.....]
Gold:   25         SH:  0    Dex: 15    Spells: 1/1 levels left
                                        Lives:  0   Deaths: 0

rFire    . . .     SeeInvis +     - Unarmed
rCold    . . .     Faith    .   (shield unavailable)
rNeg     . . .     Spirit   .   (armour unavailable)
rPois    .         Reflect  .   (helmet unavailable)
rElec    .         Harm     .   (cloak unavailable)
rCorr    .         Rampage  .   (gloves unavailable)
Will     .....                  (boots unavailable)
Stlth    +.........             (no amulet)
HPRegen  0.04/turn              (no ring)
MPRegen  0.08/turn              (no ring)

@: quick
A: very small, claws 1, fangs 3, see invisible, speed 1, shaggy fur 1, stealthy
paws, no weapons or thrown items, no armour, multi-lived
a: Renounce Religion, Berserk


You were on level 2 of the Dungeon.
You worshipped Trog.
Trog was aware of your devotion.
You visited 1 branch of the dungeon, and saw 2 of its levels.

You collected 25 gold pieces.

Inventory:

Scrolls
 a - a scroll of teleportation {unknown}
 b - a scroll of amnesia {unknown}
 c - a scroll of vulnerability {unknown}


   Skills:
 + Level 3.3 Fighting
 + Level 4.5 Dodging
 + Level 3.3 Unarmed Combat


You had one spell level left.
You didn't know any spells.
Your spell library was empty.

Dungeon Overview and Level Annotations

Branches:
Dungeon (2/15)

Altars:

Shops:
D:2 =


Innate Abilities, Weirdness & Mutations

You have sharp claws.
You have razor-sharp teeth.
You have supernaturally acute eyesight. (SInv)
You cover ground quickly. (Speed+)
You are covered in fur. (AC +1)
Your paws help you pounce on unaware monsters.
You are incapable of wielding weapons or throwing items.
You cannot wear armour.
You gain extra lives every three experience levels.


Message History

There are monsters nearby!
A giant cockroach comes into view.
The goblin unwields a +0 dagger.
The goblin wields a +0 hunting sling.
The goblin shoots a stone.
The stone barely misses you.
The goblin shoots a stone.
The stone closely misses you. The giant cockroach barely misses you.
You scratch the giant cockroach. You bite the giant cockroach.
The giant cockroach is almost dead.
The giant cockroach completely misses you.
You scratch the giant cockroach but do no damage.
The giant cockroach is almost dead.
The giant cockroach misses you.
You scratch the giant cockroach but do no damage.
Your claw misses the giant cockroach.
You bite the giant cockroach, but do no damage.
The giant cockroach misses you. The giant cockroach barely misses you.
You barely miss the giant cockroach. The giant cockroach closely misses you.
The giant cockroach bites you.
The goblin unwields a +0 hunting sling.
The goblin wields a +0 dagger.
The goblin completely misses you. The giant cockroach barely misses you.
You scratch the giant cockroach.
You kill the giant cockroach!
Trog accepts your kill. The giant cockroach barely misses you.
The goblin hits you with a +0 dagger.
Found Iplut's Jewellery Shoppe.
The giant cockroach bites you. The goblin completely misses you.
The goblin unwields a +0 dagger.
The goblin wields a +0 hunting sling.
The goblin shoots a stone.
The stone closely misses you.
You scratch the giant cockroach but do no damage.
The giant cockroach is almost dead.
The giant cockroach barely misses you.
You scratch the giant cockroach.
You kill the giant cockroach!
Trog accepts your kill.
The goblin unwields a +0 hunting sling.
The goblin wields a +0 dagger.
The goblin closely misses you. The goblin hits you with a +0 dagger.
The goblin unwields a +0 dagger.
The goblin wields a +0 hunting sling.
The goblin shoots a stone.
The stone hits you.
You die...

.#.###.###.#.#
.#.....###.#.#
<#######.....#####.#
.# #.#.#.......# .#
#.#.##.###### # .#
##.#....# .# ##
.....##.### ..###
..........#####......
........#.@..........
#....##.....g........
#....#..#............
###. #.##.#####....##
# #. #.# .⌠.⌠.. ..
..# ..∩..# ##.####
⌠.⌠## ..##


You could see a goblin.

Vanquished Creatures
  2 bats (D:1)
  An endoplasm (D:1)
  2 giant cockroaches (D:2)
  A goblin (D:1)
  3 hobgoblins (D:1)
  2 jackals (D:1)
  A quokka (D:1)
  2 ball pythons (D:1)
  2 frilled lizards (D:1)
  A kobold (D:1)
  2 rats (D:1)
19 creatures vanquished.

Notes
Turn   | Place    | Note
-------+----------+-------------------------------------------
     0 | D:1      | Thatpatchoflichen the Felid Berserker began the quest for
                  | the Orb.
     0 | D:1      | Reached XP level 1. HP: 10/10 MP: 2/2
   516 | D:1      | Reached XP level 2. HP: 12/14 MP: 3/3
  1404 | D:2      | Found Iplut's Jewellery Shoppe.
  1412 | D:2      | Shot with a stone by a goblin

Illustrated notes

Levels and vault maps discovered:
D:1:      shiori_arrival_elements, layout_loops_corners
D:2:      layout_loops_cross, serial_shops, shop_fountains, kennysheep_nub,
          kennysheep_nondescript

Action                   || total
-------------------------++-------
Melee: Unarmed           ||    59
       Bite              ||     6
       Punch             ||     1
 Stab: Sleeping          ||     1
Armor: Skin              ||     1
Dodge: Dodged            ||    64
